 Dungeon Crawl Stone Soup version 0.27-a0-1140-g099f9bb0e8 (webtiles) character file.

Game seed: 8587459575244229671

2 jasper the Skirmisher (level 1, 0/20 HPs)
             Began as a Hill Orc Wanderer on May 8, 2021.
             Slain by a jackal (3 damage)
             ... on level 1 of the Dungeon.
             The game lasted 00:00:47 (187 turns).

jasper the Skirmisher (Hill Orc Wanderer)            Turns: 187, Time: 00:00:47

Health: 0/20       AC:  2    Str: 15    XL:     1   Next: 40%
Magic:  1/1        EV:  6    Int: 11    God:
Gold:   0          SH: 11    Dex: 10    Spells: 0/0 levels left

rFire    . . .     SeeInvis .   a - +2 dagger
rCold    . . .     Faith    .   g - +0 tower shield
rNeg     . . .     Spirit   .   d - +0 robe
rPois    .         Reflect  .   (no helmet)
rElec    .         Harm     .   (no cloak)
rCorr    .         Rampage  .   (no gloves)
Will     .....                  (no boots)
Stlth    +.........             (no amulet)
HPRegen  0.06/turn              (no ring)
MPRegen  0.07/turn              (no ring)

@: no status effects
A: no striking features
a: no special abilities


You were on level 1 of the Dungeon.
You visited 1 branch of the dungeon, and saw 1 of its levels.

Inventory:

Hand Weapons
 a - a +2 dagger (weapon)
Armour
 d - a +0 robe (worn)
 g - a +0 tower shield (worn)
Scrolls
 e - a scroll of fog {unknown}
 f - a scroll of identify {unknown}


   Skills:
 + Level 3.6 Fighting
 - Level 2.1 Polearms
 - Level 0.1 Armour
 - Level 1.0 Stealth
 + Level 1.1 Shields
 * Level 0.5 Unarmed Combat
 - Level 3.0 Hexes


You couldn't memorise any spells.
You didn't know any spells.
Your spell library was empty.

Dungeon Overview and Level Annotations

Branches:
Dungeon (1/15)

Altars:


Message History

The jackal looks frightened! x4; The ball python loses its grip on you.
You block the bat's attack.
A jackal comes into view.
The bat barely misses you. You block the bat's attack.
You block the bat's attack. You block the bat's attack.
You hit the bat.
You kill the bat!
A ball python is nearby!
A jackal comes into view.
The jackal barks!
You hear a bark!
You barely miss the jackal. You block the jackal's attack.
A jackal comes into view.
Your shield prevents you from hitting the jackal.
The jackal bites you.
* * * LOW HITPOINT WARNING * * *
The jackal completely misses you.
You take 2 damage, and have 6/20 hp.
You hit the jackal.
The jackal is severely wounded.
You block the jackal's attack.
You closely miss the jackal. The jackal bites you.
* * * LOW HITPOINT WARNING * * *
The jackal bites you but does no damage.
You take 1 damage, and have 5/20 hp.
You hit the jackal but do no damage. The jackal barely misses you.
The jackal bites you but does no damage.
You hit the jackal.
The jackal is severely wounded.
The jackal bites you but does no damage.
You block the jackal's attack.
You hit the jackal but do no damage.
The jackal is severely wounded.
You block the jackal's attack. The jackal bites you.
* * * LOW HITPOINT WARNING * * *
You take 2 damage, and have 3/20 hp.
You closely miss the jackal.
The jackal is severely wounded.
You block the jackal's attack. The jackal bites you.
You die...

#.# #.##### ### ##
#....S### #.h .#
####....###.# h#
#.........##.#
.#####
#........#.#.# .....
#............# ...
##.##(...###.#####.#
#[ ##.### #..†@hhh#
# #.# ######### #.
#.


You could see 3 jackals.

Vanquished Creatures
  A quokka (D:1)
  A bat (D:1)
  A rat (D:1)
3 creatures vanquished.

Notes
Turn   | Place    | Note
-------+----------+-------------------------------------------
     0 | D:1      | jasper the Hill Orc Wanderer began the quest for the Orb.
     0 | D:1      | jasper set off with the following items: a +2 dagger, a
                  | scroll of fear, a potion of curing, a +0 robe
     0 | D:1      | Reached XP level 1. HP: 19/19 MP: 1/1
   167 | D:1      | HP: 1/20 [ball python (1)]
   187 | D:1      | Slain by a jackal

Illustrated notes

Levels and vault maps discovered:
D:1:      doesnt_arrival_eight_statues, layout_loops_ring

Action                   || total
-------------------------++-------
Melee: Dagger            ||    21
  Use: Scroll            ||     1
       Potion            ||     1
Armor: Robe              ||    16
Dodge: Dodged            ||     9
Block: Tower shield      ||    20

Table legend: (Time is in decaauts)
 A = Elapsed time spent in this place.
 B = Non-inter-level travel time spent in this place.
 C = Inter-level travel time spent in this place.
 D = Time resting spent in this place.
 E = Time spent auto-exploring this place.
 F = Levels seen in this place.
 G = Mean time per level.
                   A        B        C        D        E       F      G
               +--------+--------+--------+--------+--------+-----+--------+
         Total |    193 |    193 |      0 |      0 |    129 |   1 |  193.0 |
       Dungeon |    193 |    193 |      0 |      0 |    129 |   1 |  193.0 |
               +--------+--------+--------+--------+--------+-----+--------+

Top non-repeatable levels by time:
     D:1: 193 daAuts
